Map: Blueshift LE

Players

BaldSeagull

  • Race: Zerg Zerg
  • League: Diamond
  • Spawn Location: 7:00

A.I. 1 (Elite) - Winner!

  • Race: Protoss Protoss
  • Spawn Location: 1:00

VOD

Have the link to the VOD?

Description

Time

  • Played on: Jan. 12, 2019, 7:16 a.m.
  • Length: 3:03
Show
View Real Time Build Order
Export as new Build Order

BaldSeagull Zerg 

Build Orders: Hatch First 

Get SALT Encoding   

  12  0:01  Drone  
  13  0:12  Overlord  
  13  0:16  Drone  
  14  0:31  Drone x2  
  16  0:51  Hatchery  
  16  0:54  Drone  
  16  0:57  Drone  
  17  1:13  Spawning Pool  
  17  1:15  Drone  
  17  1:18  Drone  
  18  1:25  Overlord  
  18  2:02  Queen  
  18  2:06  Spine Crawler  
  18  2:07  Spine Crawler x2  
  17  2:08  Spine Crawler  
  17  2:12  Zergling x2  
  17  2:13  Zergling x2  
  18  2:18  Zergling x2  
  18  2:22  Zergling x2  
  20  2:26  Zergling x2  
  20  2:29  Zergling x2  
  22  2:34  Zergling x2  
  23  2:37  Zergling x2  
Show
View Real Time Build Order
Export as new Build Order

A.I. 1 (Elite) Protoss - Winner!

Build Orders:  

Get SALT Encoding   

  12  0:00  Probe  
  13  0:13  Probe  
  14  0:19  Pylon  
  14  0:25  Probe  
  15  0:34  Probe  
  15  0:42  Probe  
  16  0:47  Assimilator  
  17  0:51  Probe, Gateway  
  18  0:59  Probe, Pylon  
  19  1:07  Probe  
  19  1:18  Probe  
  21  1:35  Gateway  
  21  1:38  Zealot, Probe  
  24  1:41  Cybernetics Core  
  24  1:48  Pylon  
  24  1:50  Probe  
  25  1:56  Zealot  
  25  2:02  Probe  
  28  2:14  Probe  
  31  2:22  Adept  
  31  2:23  Adept  
  31  2:29  Gateway  
  33  2:37  Gateway  
  37  2:54  Pylon  
Tags
 
League
Diamond
Matchup
PvZ
Spawn Locations
Cross Positions
Add a new tag
Caveats
  • Supply blocks, unpowered buildings, or Contaminate may cause inaccurate times.
  • Supply counts are checked every 10 seconds.